 Dungeon Crawl Stone Soup version 0.31-a0-331-geda263fcf1 (webtiles) character file.

Game seed: 10712779678413772926

268222 Shard1697 the Warrior (level 19, -22/174 HPs)
             Began as a Purple Draconian Ice Elementalist on July 19, 2023.
             Was the Champion of the Shining One.
             Killed from afar by an ironbound thunderhulk (54 damage)
             ... with a bolt of lightning
             ... on level 1 of the Vaults.
             The game lasted 01:47:32 (48880 turns).

Shard1697 the Warrior (DrIE)                       Turns: 48880, Time: 01:47:33

Health: -22/174    AC: 23    Str: 14    XL:     19   Next: 37%
Magic:  21/29      EV: 21    Int: 22    God:    the Shining One [******]
Gold:   2530       SH: 27    Dex: 14    Spells: 9/32 levels left

rFire   + . .        a - +13 lance "Wyrmbane" {slay drac, rPois rF+ rC+ AC+3}
rCold   + + .        Q - +2 kite shield
rNeg    + + +        (body armour unavailable)
rPois   +            f - +2 hat
rElec   .            B - +2 cloak {rCorr}
rCorr   +            n - +1 pair of gloves
SInv    .            g - +2 pair of boots
Will    +++..        j - amulet of faith
Stlth   +            H - ring "Cior" {rPois rC+ Will+ Str+2 Int+2}
HPRegen 0.49/turn    R - +5 ring of evasion
MPRegen 0.21/turn

%: faith
@: divinely shielded, glowing
A: breathe power, AC +10, unfitting armour, cold-blooded
}: 2/15 runes: barnacled, gossamer
a: Breathe Dispelling Energy, Renounce Religion, Divine Shield, Cleansing Flame,
Summon Divine Warrior


You were on level 1 of the Vaults.
You worshipped the Shining One.
The Shining One was exalted by your worship.
You visited 8 branches of the dungeon, and saw 33 of its levels.
You also visited: Ossuary.

You collected 3388 gold pieces.
You spent 858 gold pieces at shops.

Inventory:

Hand Weapons
 a - the +13 lance "Wyrmbane" (weapon) {slay drac, rPois rF+ rC+ AC+3}
   (You took it off Maggie on level 7 of the Dungeon)

   AC:        It affects your AC (+3).
   rF:        It protects you from fire.
   rC:        It protects you from cold.
   rPois:     It protects you from poison.
 b - a +7 trishula of holy wrath
Armour
 f - a +2 hat (worn)
 g - a +2 pair of boots (worn)
 n - a +1 pair of gloves (worn)
 q - a +0 tower shield
 B - a +2 cloak of preservation (worn)
 Q - a +2 kite shield (worn)
Jewellery
 j - an amulet of faith (around neck)
 o - a ring of resist corrosion
 x - a ring of protection from fire
 z - the amulet of Ciggaig {Spirit Dex+4}
   (You acquired it on level 3 of the Shoals)

   [amulet of guardian spirit]

   It causes incoming damage to be divided between your reserves of health and
   magic.
   Dex:       It affects your dexterity (+4).
 H - the ring "Cior" (left hand) {rPois rC+ Will+ Str+2 Int+2}
   (You found it on level 3 of the Lair of Beasts)

   [ring of poison resistance]

   Str:       It affects your strength (+2).
   Int:       It affects your intelligence (+2).
   rC:        It protects you from cold.
   rPois:     It protects you from poison.
   Will:      It increases your willpower.
 R - a +5 ring of evasion (right hand)
 S - the ring "Qexidd" {rPois Will+ AC+4 Int+4 Dex-5}
   (You found it on level 1 of the Spider Nest)

   [ring of protection]

   AC:        It affects your AC (+4).
   Int:       It affects your intelligence (+4).
   Dex:       It affects your dexterity (-5).
   rPois:     It protects you from poison.
   Will:      It increases your willpower.
Wands
 k - a wand of mindburst (13)
 p - a wand of light (8)
 u - a wand of iceblast (23)
 D - a wand of charming (6)
 I - a wand of flame (35)
 M - a wand of polymorph (9)
 N - a wand of digging (8)
Scrolls
 c - 5 scrolls of amnesia
 l - 2 scrolls of silence
 t - 4 scrolls of teleportation
 y - 4 scrolls of fear
 C - 4 scrolls of revelation
 F - 3 scrolls of blinking
 K - 11 scrolls of identify
 L - 2 scrolls of fog
 O - 2 scrolls of brand weapon
 P - 3 scrolls of enchant armour
Potions
 d - 7 potions of might
 e - 7 potions of curing
 h - 2 potions of invisibility
 i - 4 potions of magic
 m - 5 potions of ambrosia
 r - 3 potions of lignification
 s - 5 potions of resistance
 w - 8 potions of mutation
 E - 3 potions of attraction
 G - 3 potions of cancellation
 T - 6 potions of haste
 U - a potion of brilliance
 V - 2 potions of enlightenment
Miscellaneous
 v - a lightning rod (4/4)
 A - a box of beasts


   Skills:
 - Level 16.4 Fighting
 - Level 5.5 Maces & Flails
 - Level 15.6 Polearms
 - Level 10.6 Dodging
 - Level 5.0 Stealth
 - Level 15.0 Shields
 - Level 7.0 Spellcasting
 + Level 13.7 Summonings
 - Level 5.5 Ice Magic
 - Level 14.1 Invocations
 - Level 10.0 Evocations


You had 9 spell levels left.
You knew the following spells:

 Your Spells              Type           Power      Damage    Failure   Level
a - Freeze                Ice            100%       1d10      1%          1
b - Frozen Ramparts       Ice            64%        1d10      4%          3
c - Ozocubu's Armour      Ice            32%        N/A       4%          3
d - Dragon's Call         Summ           31%        N/A       100%        9
f - Summon Ice Beast      Ice/Summ       50%        N/A       2%          4
t - Call Canine Familiar  Summ           62%        N/A       1%          3

Your spell library contained the following spells:

 Spells                   Type           Power      Damage    Failure   Level
 Ensorcelled Hibernation  Hex/Ice        38%        N/A       7%          2
 Apportation              Tloc           14%        N/A       14%         1
 Sandblast                Erth           14%        2d6       14%         1
 Slow                     Hex            28%        N/A       14%         1
 Lesser Beckoning         Tloc           14%        N/A       22%         2
 Passwall                 Tmut/Erth      5%         N/A       22%         2
 Scorch                   Fire           14%        2d6       22%         2
 Confusing Touch          Hex            7%         N/A       41%         3
 Dazzling Flash           Conj/Hex       14%        N/A       41%         3
 Gell's Gravitas          Tloc           7%         N/A       41%         3
 Portal Projectile        Hex/Tloc       14%        N/A       41%         3
 Stone Arrow              Conj/Erth      14%        3d7       41%         3
 Teleport Other           Tloc           7%         N/A       41%         3
 Tukima's Dance           Hex            7%         N/A       41%         3
 Vampiric Draining        Necr           7%         2d6       41%         3
 Vhi's Electric Charge    Tloc/Air       14%        N/A       41%         3
 Volatile Blastmotes      Fire/Tloc      14%        2d11      41%         3
 Cause Fear               Hex            3%         N/A       82%         4
 Fulminant Prism          Conj/Hex       3%         3d5       82%         4
 Iskenderun's Mystic Bla  Conj/Tloc      7%         2d4       82%         4
 Leda's Liquefaction      Hex/Erth       3%         N/A       82%         4
 Passage of Golubria      Tloc           7%         N/A       82%         4
 Alistair's Intoxication  Tmut/Pois      4%         N/A       99%         5
 Arcjolt                  Conj/Air       3%         1d13      99%         5
 Borgnjor's Vile Clutch   Necr/Erth      3%         N/A       99%         5
 Fireball                 Conj/Fire      3%         3d4       99%         5
 Silence                  Hex/Air        3%         N/A       99%         5
 Conjure Ball Lightning   Conj/Air       3%         3x3d6     100%        6
 Eringya's Noxious Bog    Tmut/Pois      3%         4d6       100%        6
 Leda's Unmaking          Conj/Erth      3%         9d1       100%        6
 Plasma Beam              Fire/Air       3%         2x1d13    100%        6
 Starburst                Conj/Fire      3%         6d3       100%        6
 Discord                  Hex            3%         N/A       100%        8
 Disjunction              Tloc           3%         N/A       100%        8
 Lehudib's Crystal Spear  Conj/Erth      3%         10d3      100%        8
 Maxwell's Capacitive Co  Air            3%         ∞         100%        8
 Chain Lightning          Conj/Air       3%         3d4       100%        9
 Fire Storm               Conj/Fire      3%         8d1       100%        9
 Polar Vortex             Ice            16%        12d2*     100%        9
 Shatter                  Erth           3%         3d7*      100%        9


Dungeon Overview and Level Annotations

Branches:
Dungeon (15/15)            Temple (1/1) D:7            Lair (5/5) D:8
 Shoals (4/4) Lair:2       Spider (4/4) Lair:3        Slime (0/5) Lair:5
    Orc (2/2) D:10            Elf (0/3) Orc:2        Vaults (1/5) D:14
 Depths (1/4) D:15        Ossuary (visited)

Altars:
Ashenzari
Cheibriados
Dithmenos
Elyvilon
Fedhas
Gozag
Hepliaklqana
Kikubaaqudgha
Makhleb
Nemelex Xobeh
Okawaru
Qazlal
Ru
Sif Muna
Trog
Uskayaw
Vehumet
Wu Jian
Xom
Yredelemnul
Zin
The Shining One

Shops:
D:1 *   D:8 [   Orc:2 *[[*   Shoals:4 (

Portals:
Hell: Depths:1
Trove: D:10 (give 7 scrolls of fog)

Annotations:
D:14 Azrael
Lair:5 exclusion: 3 oklob plants
Spider:1 Roxanne


Innate Abilities, Weirdness & Mutations

You can breathe bolts of dispelling energy.
Your rich purple scales are hard. (AC +10)
You cannot fit into any form of body armour.
You are cold-blooded and may be slowed by cold attacks.


Message History

The deep troll barely misses your angel.
Your angel hits the vault sentinel with a +1 sacred scourge of holy wrath!
Your angel barely misses the vault sentinel.
The vault sentinel no longer looks unusually strong.
Your angel closely misses the vault sentinel.
Your angel hits the vault sentinel with a +1 sacred scourge of holy wrath!
The vault sentinel dies!
The deep troll misses your angel. The deep troll claws your angel.
The deep troll completely misses your angel.
Your angel hits the deep troll with a +1 sacred scourge of holy wrath!
Your angel hits the deep troll with a +1 sacred scourge of holy wrath.
The deep troll misses your angel.
The deep troll completely misses your angel.
The deep troll misses your angel.
Your angel hits the deep troll with a +1 sacred scourge of holy wrath!
Your angel hits the deep troll with a +1 sacred scourge of holy wrath.
Your angel gestures.
Your angel is healed somewhat.
The deep troll closely misses your angel.
The deep troll claws your angel! x2
Your angel barely misses the deep troll.
Your angel hits the deep troll with a +1 sacred scourge of holy wrath.
The deep troll bites your angel!!
The deep troll claws your angel but does no damage.
The deep troll misses your angel.
Your angel gestures.
Your angel is healed somewhat.
Your angel gestures.
Your angel is healed somewhat.
The deep troll bites your angel!!
The deep troll completely misses your angel.
The deep troll claws your angel!
Your angel dies!
Your angel dissolves into sparkling lights!
Electricity crackles from the ironbound thunderhulk's apparatus.
The bolt of lightning hits you!!!
* * * LOW HITPOINT WARNING * * *
Electricity crackles from the ironbound thunderhulk's apparatus.
The bolt of lightning hits you!!!
You die...

######## .......#
#..#.#############
#..#....#.⌠⌠@...T.))#
#..###..'.###'#####O#
#..#....#.#.#.')..#)#
#..#..#.#.#.'.#####p#
#.......#.#.#.#...TT#
#.......#.#########.'.p...#
#.......#.# #O#.....#
#.#..#..#.# #.#....?#
#.)..#..#.# '.# #####


You could see an ironbound thunderhulk and a deep troll.

Vanquished Creatures
  Bai Suzhen (Spider:3)
  Jorgrun (D:12)
  A lich (Depths:1)
  Kirke (Lair:5)
  A tengu reaver (Depths:1)
  A fire giant (Depths:1)
  Aizul (Spider:1)
  6 emperor scorpions
  Louise (Spider:3)
  4 spectral caustic shrikes (Depths:1)
  A vault warden (Vaults:1)
  2 ghost moths
  3 ironbound preservers (Vaults:1)
  An orc warlord (Orc:2)
  6 stone giants
  A broodmother (Spider:3)
  3 very ugly things (Depths:1)
  The ghost of epsilonplus the Brawler, a journeyman DrSh of Jiyva (D:11)
  A spark wasp (Spider:2)
  Snorg (D:13)
  2 merfolk impalers
  2 yaktaur captains (Vaults:1)
  3 fire dragons
  3 merfolk javelineers
  Josephine (D:14)
  6 entropy weavers
  A rakshasa (Depths:1)
  4 vault guards (D:14)
  An ice dragon (Depths:1)
  Fannar (D:11)
  2 ironbound frosthearts (Vaults:1)
  4 hydras
  4 two-headed ogres
  2 merfolk avatars
  An alligator snapping turtle (Shoals:4)
  4 centaur warriors
  6 boulder beetles
  5 merfolk aquamancers
  5 death yaks
  A tengu warrior (D:13)
  2 deep troll shamans (Depths:1)
  3 demonic crawlers (Spider:1)
  A vampire mage (Depths:1)
  A deep troll earth mage (Depths:1)
  3 orc high priests (Orc:2)
  Nergalle (D:10)
  A deep elf knight (D:14)
  2 iron trolls (Depths:1)
  A skyshark (Lair:2)
  3 pharaoh ants
  9 sea snakes
  2 skeletal warriors (D:15)
  A swamp dragon (Lair:5)
  A sun moth (Spider:4)
  4 orc knights
  3 orb spiders
  6 harpies
  5 deep trolls
  2 lindwurms
  A necromancer (Vaults:1)
  6 ironbound convokers (Vaults:1)
  8 steelbarb worms
  A stone giant zombie (Vaults:1)
  4 orc sorcerers
  6 ugly things
  14 wolf spiders
  4 fauns (Shoals:1)
  3 deep elf pyromancers
  10 cyclopes
  7 elephants
  3 moths of wrath
  2 oklob plants (Lair:1)
  14 manticores
  3 vault sentinels (Vaults:1)
  3 black mambas (Lair:5)
  10 merfolk sirens
  8 torpor snails
  3 water nymphs
  Maggie (D:7)
  5 gargoyles
  13 cane toads
  5 komodo dragons
  A tengu conjurer (D:13)
  4 rime drakes
  2 unseen horrors
  An unseen horror (shapeshifter) (D:13)
  3 yaktaurs
  2 efreet
  3 meliai
  5 trolls
  22 merfolk
  3 wind drakes
  2 polar bears (Lair:4)
  6 hornets (Lair:5)
  8 blink frogs
  6 snapping turtles
  A human simulacrum (Vaults:1)
  24 tarantellas
  4 dream sheep
  2 tyrant leeches (Lair:5)
  19 culicivoras
  17 jumping spiders
  8 slime creatures
  9 wraiths
  14 water elementals
  36 yaks
  3 hogs (Lair:5)
  3 nameless horrors
  A wyvern (D:8)
  4 basilisks
  2 fire elementals (D:14)
  53 redbacks
  10 vampire mosquitoes
  Grum (D:11)
  2 steam dragons
  3 wargs (Orc:2)
  An acid dragon (shapeshifter) (D:14)
  4 acid dragons
  6 water moccasins
  5 swamp drakes
  20 orc warriors
  A black bear (D:8)
  A glowing shapeshifter skeleton (Vaults:1)
  A sky beast (D:7)
  15 wolves
  7 ogres
  15 centaurs
  A phantom (D:4)
  A kobold brigand (D:8)
  4 gnoll sergeants
  14 bullfrogs
  A human zombie (Vaults:1)
  3 scorpions (D:5)
  15 wights
  11 killer bees
  2 vampire bats (D:9)
  4 howler monkeys
  11 electric eels
  4 hounds
  10 orc priests
  A sleepcap (D:7)
  A gnoll bouda (D:8)
  6 iguanas
  3 hell rats (Lair:1)
  20 orc wizards
  14 mummies
  21 gnolls
  5 adders
  2 white imps
  2 worms
  2 dart slugs
  59 orcs
  3 bat skeletons (D:9)
  2 bat zombies (D:9)
  4 endoplasms
  4 giant cockroaches
  6 goblins
  5 hobgoblins
  4 jackals (D:5)
  7 kobolds
  3 quokkas
  10 ball pythons
  9 bats
  2 frilled lizards
  2 gnoll skeletons (Ossuary)
  A goblin skeleton (Ossuary)
  A hobgoblin zombie (D:8)
  3 kobold skeletons (Ossuary)
  2 orc skeletons (Ossuary)
  An orc zombie (D:8)
  6 rats
  11 rat skeletons (Ossuary)
944 creatures vanquished.

Vanquished Creatures (collateral kills)
  Arachne (Spider:4)
  The ghost of zazu2006 the Slicer, an adept GnWn of Vehumet (Spider:1)
  Donald (Spider:1)
  4 emperor scorpions
  2 ironbound preservers (Vaults:1)
  2 broodmothers (Spider:4)
  A formless jellyfish (Shoals:4)
  A dire elephant (D:15)
  3 spark wasps
  3 merfolk javelineers (Shoals:4)
  3 merfolk impalers
  6 entropy weavers
  2 hydras
  A yaktaur captain (Vaults:1)
  A vault guard (D:14)
  4 merfolk aquamancers
  2 boulder beetles
  5 merfolk avatars
  2 radroaches
  A satyr (Shoals:3)
  A two-headed ogre (D:8)
  An orc high priest (D:13)
  2 tengu warriors (D:12)
  7 demonic crawlers
  A death yak (Lair:4)
  4 pharaoh ants
  3 skeletal warriors (D:15)
  A sun moth (Spider:1)
  A deep troll (Vaults:1)
  10 orb spiders
  3 sea snakes
  7 steelbarb worms
  A lindwurm (Lair:5)
  2 harpies
  A wizard (Vaults:1)
  A deep elf pyromancer (D:8)
  An orc sorcerer (Orc:2)
  An ugly thing (D:8)
  3 orc knights
  2 fauns (Shoals:1)
  An oklob plant (Lair:2)
  7 wolf spiders
  5 cyclopes
  6 manticores
  4 elephants
  A water nymph (Shoals:4)
  A vault sentinel (Vaults:1)
  A black mamba (Lair:4)
  3 merfolk sirens
  A torpor snail (Spider:4)
  3 cane toads (Lair:5)
  A komodo dragon (Lair:5)
  2 yaktaurs (Vaults:1)
  A meliai (Spider:2)
  9 merfolk
  2 wind drakes (Shoals:4)
  A tyrant leech (Lair:5)
  2 hornets
  11 tarantellas
  A blink frog (shapeshifter) (D:8)
  A dream sheep (Shoals:1)
  4 blink frogs
  3 slime creatures (D:12)
  6 snapping turtles
  7 culicivoras
  4 jumping spiders
  3 water elementals
  13 yaks
  2 basilisks
  2 hogs (Lair:5)
  A fire elemental (D:14)
  36 redbacks
  A water moccasin (Lair:5)
  A swamp drake (D:11)
  A sky beast (D:6)
  2 ice beasts
  2 ogres
  A black bear (D:6)
  2 centaurs
  4 wolves
  A kobold brigand (D:8)
  3 bullfrogs
  10 wights
  4 killer bees
  An electric eel (D:7)
  A jelly (D:6)
  A hound (D:6)
  An orc priest (Orc:2)
  2 iguanas
  An orc wizard (Orc:1)
  A hell rat (Lair:1)
  3 gnolls (D:8)
  A shadow imp (D:8)
  An ufetubus (D:5)
  10 orcs
299 creatures vanquished.

Vanquished Creatures (others)
  A human (Lair:5)
  2 orc wizards (Orc:2)
  2 orcs (D:13)
5 creatures vanquished.

Grand Total: 1248 creatures vanquished

Notes
Turn   | Place    | Note
-------+----------+-------------------------------------------
     0 | D:1      | Shard1697 the Draconian Ice Elementalist began the quest
                  | for the Orb.
     0 | D:1      | Reached XP level 1. HP: 14/14 MP: 3/3
   192 | D:1      | Reached XP level 2. HP: 20/20 MP: 5/5
   529 | D:1      | Found Huwylock's Assorted Antiques.
   743 | D:2      | Reached XP level 3. HP: 26/26 MP: 7/7
   785 | D:2      | Learned a level 3 spell: Frozen Ramparts
   789 | D:2      | Learned a level 3 spell: Ozocubu's Armour
  1133 | D:2      | Reached XP level 4. HP: 33/33 MP: 8/8
  1376 | D:2      | Reached skill level 5 in Ice Magic
  2040 | D:3      | Found a broken altar of Ashenzari.
  2373 | D:4      | Noticed a phantom
  2461 | D:4      | Killed a phantom
  2462 | D:4      | Reached XP level 5. HP: 38/38 MP: 7/11
  2468 | D:4      | Learned a level 4 spell: Summon Ice Beast
  2632 | D:4      | Found a stormy altar of Qazlal.
  2781 | D:4      | Reached skill level 1 in Summonings
  3018 | D:5      | Entered Level 5 of the Dungeon
  3056 | D:5      | Reached XP level 6. HP: 9/45 MP: 8/12
  3397 | D:5      | Found a sacrificial altar of Ru.
  3526 | D:5      | Reached skill level 5 in Spellcasting
  3589 | D:5      | Learned a level 3 spell: Call Canine Familiar
  3615 | D:5      | Identified the +7 dagger of the Charming Enemy {speed, rF-
                  | rC+ Str+5}
  3682 | D:5      | Your scales start taking on a rich purple colour.
  3682 | D:5      | Reached XP level 7. HP: 49/50 MP: 8/16
  4462 | D:6      | Reached skill level 5 in Summonings
  4471 | D:6      | Reached XP level 8. HP: 41/57 MP: 12/18
  4640 | D:6      | Found a basalt altar of Yredelemnul.
  4695 | D:6      | Reached skill level 1 in Maces & Flails
  5377 | D:7      | Found an ornate altar of the Wu Jian Council.
  5391 | D:7      | Reached skill level 1 in Fighting
  5405 | D:6      | Reached skill level 2 in Fighting
  5405 | D:6      | Reached XP level 9. HP: 36/67 MP: 14/19
  5627 | D:7      | Reached skill level 5 in Maces & Flails
  5768 | D:7      | Reached skill level 3 in Fighting
  5843 | D:7      | Noticed Maggie
  5872 | D:7      | Killed Maggie
  5873 | D:7      | Reached skill level 4 in Fighting
  5876 | D:7      | Reached skill level 5 in Fighting
  6002 | D:7      | Reached skill level 1 in Polearms
  6217 | D:7      | Found a shimmering blue altar of Sif Muna.
  6466 | D:7      | Found a staircase to the Ecumenical Temple.
  6475 | Temple   | Entered the Ecumenical Temple
  6499 | Temple   | Became a worshipper of the Shining One
  6689 | D:8      | Reached skill level 5 in Polearms
  6699 | D:8      | Reached XP level 10. HP: 69/81 MP: 3/20
  6702 | D:8      | Noticed a deep elf pyromancer
  6712 | D:8      | Killed a deep elf pyromancer
  6883 | D:8      | Noticed an orc knight
  6883 | D:8      | Noticed a boulder beetle
  6907 | D:8      | Killed an orc knight
  6923 | D:8      | Killed a boulder beetle
  6924 | D:8      | Reached skill level 10 in Polearms
  6931 | D:8      | Noticed a purple ugly thing
  6931 | D:8      | Noticed a manticore
  6931 | D:8      | Noticed a purple ugly thing
  6938 | D:8      | Killed a purple ugly thing
  6950 | D:8      | Killed a manticore
  6951 | D:8      | Reached XP level 11. HP: 59/86 MP: 7/21
  6957 | D:8      | Killed a green ugly thing
  7014 | D:8      | Noticed a two-headed ogre
  7020 | D:8      | Reached * piety under the Shining One
  7026 | D:8      | Killed a two-headed ogre
  7054 | D:8      | Found a staircase to the Lair.
  7159 | D:8      | Reached ** piety under the Shining One
  7159 | D:8      | Noticed a two-headed ogre
  7178 | D:8      | Found a hide-covered altar of Uskayaw.
  7189 | D:8      | Killed a two-headed ogre
  7259 | D:8      | Found a sand-covered staircase.
  7267 | Ossuary  | Entered an ossuary
  7328 | Ossuary  | Reached *** piety under the Shining One
  7395 | Ossuary  | Reached **** piety under the Shining One
  7602 | D:8      | Identified the +0 pair of boots of Fun and Games {rElec
                  | rPois rC-}
  7751 | D:8      | Reached skill level 1 in Invocations
  7823 | D:8      | Noticed an orc knight
  7858 | D:8      | Killed an orc knight
  7859 | D:8      | Reached skill level 6 in Fighting
  7989 | D:8      | Reached ***** piety under the Shining One
  8179 | D:8      | Noticed a centaur warrior
  8197 | D:8      | Killed a centaur warrior
  8339 | D:8      | Identified the +0 pair of gloves of Wu Jian's Whim {Int+3}
  8434 | D:8      | Found Bohenodeumn's Specialty Armours.
  8709 | D:9      | Found Zin's Purification Station.
  8712 | D:9      | Found a glowing silver altar of Zin.
  8715 | D:9      | Bought a potion of curing for 90 gold pieces
  8905 | D:9      | Reached skill level 1 in Shields
  8999 | D:9      | Reached skill level 7 in Fighting
  9035 | D:9      | Found a shimmering altar of Xom.
  9036 | D:9      | Found an opulent altar of Gozag.
  9037 | D:9      | Found a blossoming altar of Fedhas.
  9107 | D:9      | Found an ancient bone altar of Kikubaaqudgha.
  9271 | D:10     | Entered Level 10 of the Dungeon
  9388 | D:10     | Found a white marble altar of Elyvilon.
  9455 | D:10     | Found a portal to a secret trove of treasure.
  9601 | D:10     | Reached skill level 5 in Invocations
  9864 | D:10     | Noticed Nergalle
  9882 | D:10     | Killed Nergalle
  9883 | D:10     | Reached XP level 12. HP: 88/101 MP: 13/22
 10301 | D:10     | Found a staircase to the Orcish Mines.
 10455 | D:11     | Reached skill level 8 in Fighting
 10825 | D:11     | Reached ****** piety under the Shining One
 11184 | Lair:1   | Entered Level 1 of the Lair of Beasts
 11476 | Lair:1   | Reached skill level 5 in Shields
 11589 | Lair:1   | Reached skill level 9 in Fighting
 11760 | Lair:1   | Noticed an eight-headed hydra
 11766 | Lair:1   | Killed an eight-headed hydra
 11772 | Lair:1   | Noticed a five-headed hydra
 11772 | Lair:1   | Found the +1 robe of Vines {NoPotionHeal Regen++++}
 11780 | Lair:1   | Killed a five-headed hydra
 11976 | Lair:1   | Reached skill level 10 in Fighting
 12896 | Lair:2   | Found a snail-covered altar of Cheibriados.
 12976 | Lair:2   | Found a staircase to the Shoals.
 13102 | Lair:2   | Found a burning altar of Makhleb.
 13331 | Lair:2   | Reached XP level 13. HP: 109/114 MP: 17/23
 13600 | Lair:3   | Found a hole to the Spider Nest.
 13871 | Lair:3   | Identified the +3 whip of the Nexus {freeze, rF- Will+
                  | rCorr Str+4}
 14236 | Lair:3   | Identified the ring "Cior" {rPois rC+ Will+ Str+2 Int+2}
 14386 | Lair:3   | Reached skill level 10 in Invocations
 15376 | Lair:4   | Reached skill level 5 in Dodging
 16131 | Lair:5   | Entered Level 5 of the Lair of Beasts
 16884 | Lair:5   | Reached skill level 11 in Fighting
 16895 | Lair:5   | Reached XP level 14. HP: 124/124 MP: 17/24
 17047 | Lair:5   | Found a runed translucent door.
 17080 | Lair:5   | Noticed Kirke
 17859 | Lair:5   | Found a staircase to the Slime Pits.
 18279 | Lair:5   | Killed Kirke
 18568 | Lair:5   | Reached skill level 12 in Fighting
 19050 | Lair:5   | Identified the +3 scale mail of Henu Nam {rN+}
 19867 | D:11     | You fall into a shaft and drop 3 floors!
 19867 | D:14     | Found a glowing golden altar of the Shining One.
 20218 | D:14     | Noticed Josephine
 20228 | D:14     | Killed Josephine
 20665 | D:12     | Noticed Jorgrun
 20679 | D:12     | Killed Jorgrun
 20827 | D:11     | Noticed Grum
 20847 | D:11     | Killed Grum
 20857 | D:11     | Found a runed translucent door.
 21125 | D:11     | Reached skill level 13 in Fighting
 21238 | D:11     | Noticed epsilonplus's ghost (journeyman DrSh)
 21259 | D:11     | Killed epsilonplus's ghost
 21310 | D:11     | Noticed Fannar
 21328 | D:11     | Killed Fannar
 21953 | D:12     | Reached XP level 15. HP: 126/135 MP: 18/25
 22316 | D:13     | Found a runed translucent door.
 22319 | D:13     | Identified the +4 ring mail "Kunlanoc" {Dex+4}
 22868 | D:13     | Noticed Snorg
 22881 | D:13     | Killed Snorg
 23213 | D:14     | Noticed Azrael
 23530 | D:14     | Reached skill level 10 in Dodging
 23750 | D:14     | Reached skill level 1 in Evocations
 24396 | D:14     | Found a gate to the Vaults.
 24415 | D:14     | Reached skill level 5 in Evocations
 24712 | D:15     | Entered Level 15 of the Dungeon
 25229 | D:15     | Found a staircase to the Depths.
 26180 | Orc:1    | Entered Level 1 of the Orcish Mines
 26371 | Orc:2    | Entered Level 2 of the Orcish Mines
 27786 | Orc:2    | Found a staircase to the Elven Halls.
 28137 | Orc:1    | Reached skill level 10 in Evocations
 28563 | Orc:2    | Found Heceufoi's General Store.
 28563 | Orc:2    | Found Konic's General Store.
 28568 | Orc:2    | Found Faizeh's Antique Armour Shoppe.
 28568 | Orc:2    | Found Aryqib's Armour Boutique.
 28583 | Orc:2    | Bought a +5 ring of evasion for 504 gold pieces
 28589 | Orc:2    | Bought a +1 cloak of preservation for 264 gold pieces
 28804 | Spider:1 | Entered Level 1 of the Spider Nest
 29079 | Spider:1 | Noticed Donald
 29106 | Spider:1 | Killed Donald
 29381 | Spider:1 | Reached XP level 16. HP: 130/145 MP: 26/26
 29604 | Spider:1 | Reached skill level 10 in Shields
 29711 | Spider:1 | Noticed Roxanne
 29999 | Spider:1 | Found a runed translucent door.
 30000 | Spider:1 | Noticed zazu2006's ghost (adept GnWn)
 30888 | Spider:1 | Killed zazu2006's ghost
 30891 | Spider:1 | Identified the ring "Qexidd" {rPois Will+ AC+4 Int+4 Dex-5}
 31021 | Spider:2 | Noticed Aizul
 31327 | Spider:1 | Killed Aizul
 32102 | Spider:2 | You fall into a shaft and drop 1 floor!
 33298 | Spider:3 | Noticed Bai Suzhen
 33308 | Spider:3 | Killed Bai Suzhen
 33309 | Spider:3 | Reached skill level 10 in Summonings
 34074 | Spider:2 | Reached XP level 17. HP: 100/151 MP: 20/27
 35038 | Spider:3 | Identified the +0 trident of Execution {flame, Dex+3 SInv}
 35102 | Spider:4 | Entered Level 4 of the Spider Nest
 35102 | Spider:4 | Noticed Louise
 35133 | Spider:3 | Killed Louise
 35259 | Spider:3 | Identified a +3 trishula of holy wrath (a +1 demon trident
                  | of electrocution blessed by the Shining One)
 35259 | Spider:3 | Received a gift from the Shining One
 36025 | Spider:4 | Noticed Arachne
 36036 | Spider:4 | Killed Arachne
 36657 | Spider:4 | Reached skill level 14 in Fighting
 37833 | Spider:4 | Got a gossamer rune of Zot
 38199 | Shoals:1 | Entered Level 1 of the Shoals
 38363 | Shoals:1 | Reached skill level 15 in Shields
 38925 | Shoals:1 | Reached XP level 18. HP: 162/162 MP: 22/28
 38970 | Shoals:1 | Reached skill level 15 in Fighting
 41775 | Shoals:3 | Identified a scroll of acquirement
 41899 | Shoals:3 | Acquired the amulet of Ciggaig {Spirit Dex+4}
 42218 | Shoals:3 | Got Daqifar's Lectures on the Chill and Quicksand
 42642 | Shoals:4 | Entered Level 4 of the Shoals
 42727 | Shoals:4 | Paralysed by a formless jellyfish for 1 turns
 43086 | Shoals:4 | Got Qemex's Parchment of Captivating Calefaction
 43424 | Shoals:4 | Reached skill level 16 in Fighting
 43932 | Shoals:4 | Identified the +6 rapier of Uncomfortable Rashes {flame,
                  | rC+ Will+}
 43941 | Shoals:4 | Reached skill level 15 in Polearms
 44020 | Shoals:4 | Identified the +9 halberd of Infection {vamp, rF+ rCorr
                  | Str-3}
 44837 | Shoals:4 | Got a barnacled rune of Zot
 44972 | Shoals:4 | Found Opruacos's Weapon Shop.
 45473 | Depths:1 | Entered Level 1 of the Depths
 45995 | Depths:1 | Noticed a lich
 46008 | Depths:1 | Killed a lich
 46622 | Depths:1 | Reached XP level 19. HP: 126/173 MP: 22/29
 47182 | Depths:1 | Found a gateway to Hell.
 47433 | Depths:1 | Reached skill level 5 in Stealth
 47444 | Depths:1 | Learned a level 9 spell: Dragon's Call
 48073 | Vaults:1 | Entered Level 1 of the Vaults
 48880 | Vaults:1 | Killed from afar by an ironbound thunderhulk

Illustrated notes

Levels and vault maps discovered:
D:1:      dpeg_arrival_oval, layout_basic, serial_shops, shop, minmay_tall_x
D:2:      minmay_chambers_of_ones, layout_basic, kennysheep_generic_room_10
D:3:      layout_loops_ring, mainiacjoe_overflow_concentric_impassable
D:4:      layout_rooms, nicolae_qazlal_general_emergency
D:5:      layout_basic, general_overflow_altar
D:6:      layout_loops_ring, lemuel_tele_altar
D:7:      layout_rooms, mainiacjoe_overflow_boulevard, kennysheep_mini,
          minmay_temple_entry_large_hall, kennysheep_donut, uniq_maggie
D:8:      nzn_winding_woodlands_stair_cross [nzn_winding_woodlands_5x15_eye,
          nzn_winding_woodlands_center_diamonds,
          nzn_winding_woodlands_5x15_jagged, nzn_winding_woodlands_hourglass,
          nzn_winding_woodlands_5x5_perimeter,
          nzn_winding_woodlands_5x15_split_checker,
          nzn_winding_woodlands_center_lodge,
          nzn_winding_woodlands_5x15_longhouse], layout_loops_ring,
          mainiacjoe_overflow_brackets, david_lair_generic,
          nicolae_ossuary_entry_giza, nicolae_barding_shop
D:9:      layout_roguey, kennysheep_vampire_church, zin_purify,
          grunt_temple_overflow_open, nrook_mini_backslash, evilmike_minifort
D:10:     layout_loops_corners, elyvilon_altar_5, hiddenorc1_lemuel,
          nicolae_trove_entry_columns, uniq_nergalle
D:11:     erik_rubicon_a, layout_rooms, portal_ice_cave_entry_pillars_1,
          ebering_ghost_reflecting_pool, pond, uniq_fannar, uniq_grum
D:12:     layout_gridville, uniq_jorgrun
D:13:     layout_irregular_city, lightli_church_of_beogh, uniq_snorg
D:14:     layout_grid_maze, grunt_vaults_entry_fortified,
          minmay_misc_feat_pillars, nicolae_tso_carved_into_rock,
          uniq_josephine, uniq_azrael
D:15:     hangedman_depths_entry_try_elsewhere_first, layout_basic, minivault_12
Temple:   jpeg_temple_island
Lair:1:   minmay_lair_oklob_chamber, layout_loops_ring,
          hellmonk_guarded_unrand_vines
Lair:2:   layout_hall_layers, minmay_shoals_entry_lonely_mermaid, basic_altar,
          lemuel_oklob_altar, grunt_megastairs_1
Lair:3:   layout_small_grid, hellmonk_spider_entry_not_the_bees,
          infiniplex_staircase_pool_2, lemuel_fruit_tree, serial_bayou_shore_a
Lair:4:   layout_cave_pods, minmay_lindwurm_lava
Lair:5:   wormcave, layout_layer_cave, guppyfry_lair_end_dragon,
          minmay_slime_entry_oklob_open, uniq_kirke
Shoals:1: layout_shoals, nicolae_shoals_square_sea_wall, st_shoals_ruin
Shoals:2: layout_shoals, st_sunken_huts
Shoals:3: cheibrodos_shoals_baths, layout_shoals
Shoals:4: shoals_end_simple, layout_shoals, serial_shops, shop
Spider:1: layout_chambers, gammafunk_ghost_grave, uniq_donald, uniq_roxanne
Spider:2: layout_spider_delve, uniq_aizul
Spider:3: layout_spider_delve, drop_trap, guppyfry_spider_mini_1,
          uniq_bai_suzhen
Spider:4: guppyfry_spider_rune, uniq_louise, uniq_arachne
Orc:1:    layout_caves
Orc:2:    grunt_orc_tribal_feast, layout_caves, nicolae_orc_sculptors_studio
Vaults:1: nicolae_vaults_shrinking_rooms_2, nicolae_vaults_shrinking_rooms_1,
          nicolae_vaults_circle_grid_a, vaults_room_octagon,
          hangedman_vaults_nails, nicolae_vaults_closet_pinwheel_6,
          dpeg_vaults_monster_box, nicolae_vaults_closet_pinwheel_2,
          vaults_room_stairs_pillars, nicolae_vaults_house_1,
          ontoclasm_vaults_gateway, layout_vaults_ring, serial_shops, shop
Depths:1: layout_honeycomb, pf_hell_entry_tar_river, grunt_decor_resistance,
          nicolae_kite_square_tiling_tiny, nicolae_houndstooth_variations,
          serial_bayou_shore_b

Skill      XL: |  1  2  3  4  5  6  7  8  9 10 11 12 13 14 15 16 17 18 19 |
---------------+----------------------------------------------------------+-----
Spellcasting   | 3 4 6 7 |  7.0
Ice Magic      | 5 |  5.5
Summonings     | 1 3 5 7 10 12 13 | 13.7
Maces & Flails | 4 5 |  5.5
Fighting       | 2 5 7 10 11 13 14 16 | 16.4
Polearms       | 6 11 12 13 15 | 15.6
Invocations    | 5 9 12 14 | 14.1
Shields        | 3 5 8 9 13 15 | 15.0
Dodging        | 7 9 10 | 10.6
Evocations     | 10 | 10.0
Stealth        | 4 5 |  5.0

Action                     |  1- 3 |  4- 6 |  7- 9 | 10-12 | 13-15 | 16-18 | 19-21 || total
---------------------------+-------+-------+-------+-------+-------+-------+-------++-------
  Melee: Falchion          |    34 |       |       |       |       |       |       ||    34
         Tailslap          |     7 |    14 |    14 |   129 |   426 |   497 |    94 ||  1181
         Eveningstar       |    56 |   105 |    45 |       |       |       |       ||   206
         Punch             |     1 |     2 |       |     1 |       |       |       ||     4
         Flail             |       |       |    58 |       |       |       |       ||    58
         Lance             |       |       |    46 |   818 |  1877 |  2081 |   360 ||  5182
         Trishula          |       |       |       |       |       |   172 |       ||   172
   Cast: Freeze            |    15 |    19 |     6 |       |       |       |       ||    40
         Frozen Ramparts   |       |     7 |     2 |       |       |       |       ||     9
         Call Canine Famil |       |     1 |    21 |    17 |    63 |    97 |    13 ||   212
         Summon Ice Beast  |       |       |    19 |    27 |    69 |   107 |    11 ||   233
         Ozocubu's Armour  |       |       |     1 |       |       |       |       ||     1
 Invoke: Divine Shield     |       |       |       |       |     2 |     8 |     2 ||    12
         Summon Divine War |       |       |       |       |     2 |     7 |     2 ||    11
         Brand Weapon With |       |       |       |       |       |     1 |       ||     1
         Cleansing Flame   |       |       |       |       |       |       |     3 ||     3
Ability: Breathe Dispellin |       |       |       |       |       |     1 |       ||     1
  Evoke: Wand              |       |       |       |     8 |       |       |       ||     8
    Use: Scroll            |     5 |     6 |    10 |     6 |     6 |    15 |     2 ||    50
         Potion            |       |       |     2 |     5 |     6 |    13 |     2 ||    28
   Stab: Sleeping          |     4 |     4 |     1 |       |       |       |       ||     9
         Distracted        |       |       |     2 |       |       |       |       ||     2
         Invisible         |       |       |     2 |       |       |       |       ||     2
 Armour: Skin              |    55 |    78 |    95 |   167 |   414 |   671 |    33 ||  1513
  Dodge: Dodged            |    79 |   131 |   185 |   183 |   705 |  1140 |    81 ||  2504
  Block: Buckler           |       |       |       |    51 |   307 |       |       ||   358
         Kite shield       |       |       |       |       |     6 |  1390 |   150 ||  1546

Table legend: (Time is in decaauts)
 A = Elapsed time spent in this place.
 B = Non-inter-level travel time spent in this place.
 C = Inter-level travel time spent in this place.
 D = Time resting spent in this place.
 E = Time spent auto-exploring this place.
 F = Levels seen in this place.
 G = Mean time per level.
                   A        B        C        D        E       F      G
               +--------+--------+--------+--------+--------+-----+--------+
         Total |  47179 |  44666 |   2513 |   8870 |  25869 |  34 | 1387.6 |
       Dungeon |  18294 |  16791 |   1503 |   2023 |  11129 |  15 | 1219.6 |
        Temple |     47 |      2 |     45 |      0 |      0 |   1 |   47.0 |
          Lair |   7877 |   7442 |    435 |    992 |   4954 |   5 | 1575.4 |
        Shoals |   6916 |   6722 |    194 |   1888 |   3402 |   4 | 1729.0 |
   Spider Nest |   8878 |   8646 |    232 |   2595 |   3957 |   4 | 2219.5 |
  Orcish Mines |   2312 |   2233 |     79 |    927 |    792 |   2 | 1156.0 |
        Vaults |    511 |    499 |     12 |      3 |    242 |   1 |  511.0 |
        Depths |   2053 |   2043 |     10 |    441 |   1228 |   1 | 2053.0 |
       Ossuary |    286 |    286 |      0 |      0 |    164 |   1 |  286.0 |
               +--------+--------+--------+--------+--------+-----+--------+

Top non-repeatable levels by time:
  Lair:5: 2847 daAuts
Spider:1: 2711 daAuts
Spider:3: 2508 daAuts
    D:14: 2372 daAuts
Spider:4: 2134 daAuts
Depths:1: 2053 daAuts
Shoals:3: 1769 daAuts
Shoals:2: 1757 daAuts
Shoals:4: 1725 daAuts
    D:15: 1676 daAuts
Shoals:1: 1664 daAuts
Spider:2: 1523 daAuts
     D:8: 1477 daAuts
    D:11: 1451 daAuts
     D:5: 1435 daAuts
